 Dungeon Crawl Stone Soup version 0.18-a0-1202-g796ae12 (webtiles) character file.

1229 M4edhros the Covert (level 8, -8/48 HPs)
             Began as an Octopode Artificer on Jan 31, 2016.
             Killed by nerve-wracking pain
             ... invoked by an orc priest
              (14 damage)
             ... on level 6 of the Dungeon.
             The game lasted 00:05:27 (4252 turns).

M4edhros the Covert (Octopode Artificer)            Turns: 4252, Time: 00:05:27

Health: -8/48      AC:  1    Str: 11    XL:     8   Next: 48%
Magic:  12/12      EV: 21    Int: 16    God:    Xom [......]
Gold:   262        SH:  0    Dex: 17    Spells: 0 memorised, 7 levels left

rFire  . . .     SeeInvis .     v - +3 flail (venom)
rCold  . . .     Gourm    .     (no shield)
rNeg   . . .     Faith    .     (helmet restricted)
rPois  .         Spirit   .     (no amulet)
rElec  .         Dismiss  .     (no ring)
rCorr  .         Reflect  .     (no ring)
SustAt .         Harm     .     (no ring)
MR     .....                    (no ring)
Stlth  +++++++...               (no ring)
                                (no ring)
                                (no ring)
                                (no ring)

@: agile, very slightly contaminated, hasted, invisible, very quick, not
resistant to hostile enchantments, extremely stealthy
A: almost no armour, amphibious, 8 rings, constrict 8, camouflage 1, gelatinous
body 1
a: Renounce Religion


You were on level 6 of the Dungeon.
You worshipped Xom.
You were a very special plaything of Xom.
You were not hungry.

You visited 2 branches of the dungeon, and saw 7 of its levels.

You collected 262 gold pieces.

Inventory:

Hand Weapons
 a - a +0 short sword
 v - a +3 flail of venom (weapon)
Missiles
 e - 61 stones (quivered)
Wands
 b - a wand of flame (2/48)
 c - a wand of enslavement (13/24)
 d - a wand of random effects (0/48)
 r - a wand of polymorph (2/24)
 w - a wand of flame (7/48)
Scrolls
 g - 4 scrolls of remove curse {unknown}
 h - 3 scrolls of magic mapping {unknown}
 i - 6 scrolls of identify {unknown}
 l - 2 scrolls of recharging {unknown}
 p - a scroll of blinking {unknown}
 q - 2 scrolls of amnesia {unknown}
 s - a scroll of noise {unknown}
Potions
 A - a potion of resistance
Books
 j - a book of Debilitation

   Spells                             Type                      Level
   a - Corona                         Hexes                        1
   b - Slow                           Hexes                        2
   c - Gell's Gravitas                Hexes/Translocation          3
   d - Inner Flame                    Hexes/Fire                   3
   e - Cause Fear                     Hexes                        4
   f - Leda's Liquefaction            Hexes/Earth                  4
Comestibles
 f - a bread ration
 k - 2 meat rations
 t - 3 fruits
 z - a beef jerky


   Skills:
 - Level 1.0 Fighting
 - Level 1.0 Short Blades
 * Level 6.6 Dodging
 * Level 8.9 Stealth
 + Level 5.9 Evocations


You had 7 spell levels left.
You didn't know any spells.

Dungeon Overview and Level Annotations

Branches:
Dungeon (6/15)             Temple (1/1) D:5

Altars:
Ashenzari
Cheibriados
Dithmenos
Elyvilon
Gozag
Kikubaaqudgha
Makhleb
Pakellas
Ru
Sif Muna
Trog
Vehumet
Xom
Yredelemnul
Zin
The Shining One

Annotations:
D:3 M4edhros's ghost, weakling OpAr


Innate Abilities, Weirdness & Mutations

You cannot wear most types of armour.
You are amphibious.
You can wear up to eight rings at the same time.
You can use your tentacles to constrict eight enemies at once.
Your skin changes colour to match your surroundings (Stealth).
Your rubbery body absorbs attacks (AC +1).


Message History

The orc wizard gestures at you while chanting.
The puff of frost hits the orc priest.
The orc priest shouts!
You catch the helpless orc warrior completely off-guard!
You hit the orc warrior but do no damage.
You grab the orc warrior.
The orc warrior is lightly wounded.
You constrict the orc warrior, but do no damage.
You constrict the orc.
You kill the orc!
The orc warrior misses you.
Unknown command.
You completely miss the orc warrior.
You squeeze the orc warrior, but do no damage.
The orc warrior is lightly wounded.
You constrict the orc warrior.
The orc wizard casts a cantrip, but nothing happens.
The orc priest invokes the aid of Beogh against you.
Pain shoots through your body!
You die...

.F.........
..........#
.....)....
#.#......
#.......#####
#...oo#..<#
...####.#.###
##)#.# #.o@.#
######


You could see an orc warrior, an orc priest and an orc wizard.

Vanquished Creatures
  Sigmund (D:5)
  A porcupine (D:5)
  2 ice beasts (D:5)
  A sky beast (D:5)
  2 ogres
  2 giant frogs
  Blork the orc (D:4)
  2 crimson imps
  An orc priest (D:6)
  2 hounds (D:4)
  An iguana (D:4)
  4 worker ants
  A gnoll (D:5)
  3 adders
  2 oozes
  An adder skeleton (D:4)
  2 worms
  3 giant geckos
  6 orcs
  4 bats
  7 giant cockroaches
  5 goblins
  4 hobgoblins
  3 jackals (D:1)
  5 kobolds
  4 quokkas
  2 ball pythons
  5 giant newts
  A quokka skeleton (D:4)
  5 rats
83 creatures vanquished.

Notes
Turn   | Place    | Note
--------------------------------------------------------------
     0 | D:1      | M4edhros the Octopode Artificer began the quest for the Orb.
     0 | D:1      | Reached XP level 1. HP: 13/13 MP: 3/3
    57 | D:1      | Reached XP level 2. HP: 9/18 MP: 4/4
   556 | D:2      | Reached XP level 3. HP: 21/23 MP: 5/5
   584 | D:3      | Noticed M4edhros's ghost (weakling OpAr)
   936 | D:2      | Reached XP level 4. HP: 18/28 MP: 6/6
  1027 | D:3      | Found a faded altar to an unknown god.
  1204 | D:4      | Reached skill level 4 in Stealth
  1262 | D:4      | Reached XP level 5. HP: 33/33 MP: 6/8
  1396 | D:4      | Reached skill level 5 in Stealth
  1546 | D:4      | Noticed an ogre
  1558 | D:4      | Killed an ogre
  1558 | D:4      | Reached XP level 6. HP: 9/38 MP: 9/9
  1837 | D:4      | Noticed Blork the orc
  1995 | D:4      | Killed Blork the orc
  1995 | D:4      | Reached skill level 6 in Stealth
  2117 | D:4      | Found a burning altar of Makhleb.
  2141 | D:5      | Entered Level 5 of the Dungeon
  2141 | D:5      | Noticed Edmund
  2145 | D:5      | Reached XP level 7. HP: 29/43 MP: 10/10
  2340 | D:5      | Reached skill level 5 in Dodging
  2342 | D:5      | HP: 2/43 [something (5)]
  2397 | D:5      | HP: 2/43 [something (6)]
  2402 | D:5      | Reached skill level 5 in Evocations
  2735 | D:5      | Noticed Sigmund
  2746 | D:5      | Killed Sigmund
  2746 | D:5      | Reached skill level 7 in Stealth
  3059 | D:5      | Found a staircase to the Ecumenical Temple.
  3157 | Temple   | Entered the Ecumenical Temple
  3190 | Temple   | Became a worshipper of Xom of Chaos
  3285 | D:5      | XOM: potion effect (agility)
  3294 | D:5      | Reached skill level 8 in Stealth
  3294 | D:5      | Reached XP level 8. HP: 20/48 MP: 12/12
  3308 | D:5      | Noticed Edmund
  3308 | D:5      | Edmund changed into Edmund the porcupine
  3435 | D:5      | XOM: harmless Chrm miscast
  3607 | D:5      | Killed Edmund the porcupine
  4012 | D:5      | XOM: harmless Pois miscast
  4109 | D:5      | XOM: medium Air miscast
  4214 | D:6      | XOM: confuse monster(s)
  4252 | D:6      | Killed from afar by an orc priest

Vault maps used:
D:1:      roderic_chinese_lattice_arrival, minmay_cut_off
D:3:      grunt_temple_overflow_forces_of_nature, ecumenical_altar_1
D:4:      makhleb_blood_cavern_becter, uniq_blork_the_orc
D:5:      minmay_temple_entry_fiery, first_bread, uniq_edmund, uniq_sigmund
D:6:      minmay_crossroads
Temple:   lightli_temple_of_artemis

Action                   |  1- 3 |  4- 6 |  7- 9 || total
-------------------------+-------+-------+-------++-------
Melee: Short sword       |    71 |    48 |    21 ||   140
       Flail             |       |       |    29 ||    29
Throw: Stone             |       |     1 |       ||     1
Evoke: Wand              |       |     3 |    28 ||    31
  Use: Potion            |       |       |     5 ||     5
 Stab: Sleeping          |    12 |    10 |     4 ||    26
       Distracted        |       |     1 |       ||     1
       Invisible         |       |       |     1 ||     1
  Eat: Chunk             |       |     3 |       ||     3
       Meat ration       |       |       |     1 ||     1
       Bread ration      |       |       |     1 ||     1
